TOP OF THE 1ST |
Yakima Hops batting - Pitching for Richland Rails : RHP Jim Perry
|
Pitching: RHP Jim Perry
|
|
Batting: RHB Sergio Torres
|
0-0: Ball 1-0: Foul Ball, location: 2F 1-1: Foul Ball, location: 2F 1-2: Ball 2-2: Ground out 4-3 (Groundball, 34D)
|
Batting: LHB Gustavo Deleón
|
0-0: Called Strike 0-1: Ground out U3 (Groundball, 3S)
|
Batting: RHB Vonne Navarrete
|
0-0: Called Strike 0-1: Called Strike 0-2: Fly out, F9 (Flyball, 89M)
|
Top of the 1st over - 0 runs, 0 hits, 0 errors, 0 left on base; Yakima 0 - Richland 0 |
BOTTOM OF THE 1ST |
Richland Rails batting - Pitching for Yakima Hops : RHP Jeff Seawright
|
Pitching: RHP Jeff Seawright
|
|
Batting: RHB Hsui-chuan Hong
|
0-0: Ball 1-0: Called Strike 1-1: Foul Ball, location: 2F 1-2: Foul Ball, location: 2F 1-2: Ball 2-2: Ball 3-2: Fly out, F8 (Flyball, 89S)
|
Batting: LHB Alje de Gast
|
0-0: Foul Ball, location: 2F 0-1: Ball 1-1: Ball 2-1: Ball 3-1: Reached via error on a dropped throw, E1
|
Batting: RHB José Vargas
|
0-0: Swinging Strike 0-1: Swinging Strike 0-2: Strikes out swinging
|
Batting: RHB Luo-lang Li
|
0-0: Ball 1-0: Fly out, F7 (Flyball, 78M)
|
Bottom of the 1st over - 0 runs, 0 hits, 1 error, 1 left on base; Yakima 0 - Richland 0 |
TOP OF THE 2ND |
Yakima Hops batting - Pitching for Richland Rails : RHP Jim Perry
|
Batting: RHB Bob Houghton
|
0-0: Fly out, F7 (Flyball, 7S)
|
Batting: LHB Wulf Paauwe
|
0-0: Ball 1-0: Foul Ball, location: 2F 1-1: Ball 2-1: Swinging Strike 2-2: Ball 3-2: Base on Balls
|
Batting: RHB Lee Scrooby
|
0-0: Foul Ball, location: 2F 0-1: Foul Ball, location: 2F 0-2: Foul Ball, location: 2F 0-2: Ball 1-2: Ball 2-2: Ground out 5-3 (Groundball, 56S) Wulf Paauwe to second
|
Batting: LHB Héctor Velázquez
|
0-0: Ball 1-0: Ball 2-0: Ball 3-0: Base on Balls
|
Batting: SHB Zack Murphy
|
0-0: Fielders Choice at 2nd, 5-4 (Groundball, 56)
|
Top of the 2nd over - 0 runs, 0 hits, 0 errors, 2 left on base; Yakima 0 - Richland 0 |
BOTTOM OF THE 2ND |
Richland Rails batting - Pitching for Yakima Hops : RHP Jeff Seawright
|
Batting: LHB Mike Zaugg
|
0-0: Ball 1-0: Ground out U3 (Groundball, 3)
|
Batting: RHB Corey Hines
|
0-0: Ball 1-0: Called Strike 1-1: Foul Ball, location: 2F 1-2: Ball 2-2: Fly out, F7 (Flyball, 7LS)
|
Batting: RHB Tak-wai Jia
|
0-0: Called Strike 0-1: Foul Ball, location: 2F 0-2: Strikes out looking
|
Bottom of the 2nd over - 0 runs, 0 hits, 0 errors, 0 left on base; Yakima 0 - Richland 0 |
TOP OF THE 3RD |
Yakima Hops batting - Pitching for Richland Rails : RHP Jim Perry
|
Batting: RHB Carlo Beedle
|
0-0: Ball 1-0: Fly out, F6 (Line Drive, 6MS)
|
Batting: RHB Sergio Torres
|
0-0: Ball 1-0: Ball 2-0: Called Strike 2-1: Foul Ball, location: 2F 2-2: Foul Ball, location: 2F 2-2: Ball 3-2: Foul Ball, location: 2F 3-2: SINGLE (Groundball, 5D)
|
Batting: LHB Gustavo Deleón
|
0-0: Ball Wild Pitch! Sergio Torres to second 1-0: Ground out 6-3 (Groundball, 6) Sergio Torres to third
|
Batting: RHB Vonne Navarrete
|
0-0: Swinging Strike 0-1: Swinging Strike 0-2: Fly out, F9 (Flyball, 9D)
|
Top of the 3rd over - 0 runs, 1 hit, 0 errors, 1 left on base; Yakima 0 - Richland 0 |
BOTTOM OF THE 3RD |
Richland Rails batting - Pitching for Yakima Hops : RHP Jeff Seawright
|
Batting: LHB Emosi Whiu
|
0-0: Ball 1-0: Ball 2-0: Fly out, F8 (Flyball, 8LXD)
|
Batting: RHB Pedro Martínez
|
0-0: Ball 1-0: Ball 2-0: Fly out, F8 (Flyball, 8RD)
|
Batting: RHB Hsui-chuan Hong
|
0-0: Ground out 5-3 (Groundball, 56)
|
Bottom of the 3rd over - 0 runs, 0 hits, 0 errors, 0 left on base; Yakima 0 - Richland 0 |
TOP OF THE 4TH |
Yakima Hops batting - Pitching for Richland Rails : RHP Jim Perry
|
Batting: RHB Bob Houghton
|
0-0: Ball 1-0: Called Strike 1-1: Ball 2-1: Called Strike 2-2: Fly out, F9 (Flyball, 89S)
|
Batting: LHB Wulf Paauwe
|
0-0: Called Strike 0-1: Called Strike 0-2: Ground out 4-3 (Groundball, 4)
|
Batting: RHB Lee Scrooby
|
0-0: Foul Ball, location: 2F 0-1: Fly out, F8 (Line Drive, 8LD)
|
Top of the 4th over - 0 runs, 0 hits, 0 errors, 0 left on base; Yakima 0 - Richland 0 |
BOTTOM OF THE 4TH |
Richland Rails batting - Pitching for Yakima Hops : RHP Jeff Seawright
|
Batting: LHB Alje de Gast
|
0-0: Ball 1-0: Ground out 4-3 (Groundball, 4)
|
Batting: RHB José Vargas
|
0-0: Called Strike 0-1: Ball 1-1: Ball 2-1: Ball 3-1: Ground out 5-3 (Groundball, 56S)
|
Batting: RHB Luo-lang Li
|
0-0: Ball 1-0: Called Strike 1-1: SOLO HOME RUN (Flyball, 78XD), Distance : 382 ft
|
Batting: LHB Mike Zaugg
|
0-0: Foul Ball, location: 2F 0-1: Ground out 4-3 (Groundball, 4M)
|
Bottom of the 4th over - 1 run, 1 hit, 0 errors, 0 left on base; Yakima 0 - Richland 1 |
TOP OF THE 5TH |
Yakima Hops batting - Pitching for Richland Rails : RHP Jim Perry
|
Batting: LHB Héctor Velázquez
|
0-0: Ball 1-0: Foul Ball, location: 2F 1-1: Foul Ball, location: 2F 1-2: Foul Ball, location: 2F 1-2: Foul Ball, location: 2F 1-2: SINGLE (Groundball, 4MD)
|
Batting: SHB Zack Murphy
|
0-0: Ball Héctor Velázquez is caught stealing 2nd base 1-0: Called Strike 1-1: Ball 2-1: Foul Ball, location: 2F 2-2: Ground out 6-3 (Groundball, 6)
|
Batting: RHB Carlo Beedle
|
0-0: Ground out 6-3 (Groundball, 6)
|
Top of the 5th over - 0 runs, 1 hit, 0 errors, 0 left on base; Yakima 0 - Richland 1 |
BOTTOM OF THE 5TH |
Richland Rails batting - Pitching for Yakima Hops : RHP Jeff Seawright
|
Batting: RHB Corey Hines
|
0-0: Ball 1-0: Ball 2-0: Called Strike 2-1: Foul Ball, location: 2F 2-2: Foul Ball, location: 2F 2-2: Strikes out looking
|
Batting: RHB Tak-wai Jia
|
0-0: Ball 1-0: Ball 2-0: Called Strike 2-1: Ball 3-1: Swinging Strike 3-2: Strikes out looking
|
Batting: LHB Emosi Whiu
|
0-0: Ball 1-0: Ball 2-0: Called Strike 2-1: Foul Ball, location: 2F 2-2: Strikes out swinging
|
Bottom of the 5th over - 0 runs, 0 hits, 0 errors, 0 left on base; Yakima 0 - Richland 1 |
TOP OF THE 6TH |
Yakima Hops batting - Pitching for Richland Rails : RHP Jim Perry
|
Batting: RHB Sergio Torres
|
0-0: Ball 1-0: Ground out U3 (Groundball, 34S)
|
Batting: LHB Gustavo Deleón
|
0-0: Ground out U3 (Groundball, 3)
|
Batting: RHB Vonne Navarrete
|
0-0: Called Strike 0-1: Ball 1-1: Swinging Strike 1-2: Ball 2-2: Foul Ball, location: 2F 2-2: Foul Ball, location: 2F 2-2: SINGLE (Line Drive, 56)
|
Pitching: LHP Albert Hernández
|
|
Batting: RHB Bob Houghton
|
0-0: Ball 1-0: Swinging Strike 1-1: Called Strike 1-2: Strikes out swinging
|
Top of the 6th over - 0 runs, 1 hit, 0 errors, 1 left on base; Yakima 0 - Richland 1 |
BOTTOM OF THE 6TH |
Richland Rails batting - Pitching for Yakima Hops : RHP Jeff Seawright
|
Batting: RHB Pedro Martínez
|
0-0: Foul Ball, location: 2F 0-1: Swinging Strike 0-2: Hit by Pitch
|
Batting: RHB Hsui-chuan Hong
|
0-0: Ball 1-0: Ball 2-0: Sac Bunt - play at first, batter OUT! 5-4 Pedro Martínez to second
|
Batting: LHB Alje de Gast
|
0-0: Called Strike 0-1: Foul Ball, location: 2F 0-2: Fly out, F3 (Line Drive, 34S)
|
Batting: RHB José Vargas
|
0-0: Called Strike 0-1: Ball 1-1: Called Strike 1-2: Strikes out swinging
|
Bottom of the 6th over - 0 runs, 0 hits, 0 errors, 1 left on base; Yakima 0 - Richland 1 |
TOP OF THE 7TH |
Yakima Hops batting - Pitching for Richland Rails : LHP Albert Hernández
|
Batting: LHB Wulf Paauwe
|
0-0: Ball 1-0: Ball 2-0: Ball 3-0: Foul Ball, location: 2F 3-1: Base on Balls
|
Batting: RHB Lee Scrooby
|
0-0: Bunt - Flyout! F5
|
Pinch Hitting: RHB Luis León
|
0-0: SINGLE (Groundball, 56D) Wulf Paauwe to second
|
Batting: SHB Zack Murphy
|
0-0: Ball 1-0: Ground out 4-3 (Groundball, 34) Wulf Paauwe to third Luis León to second
|
Batting: RHB Carlo Beedle
|
0-0: Ball 1-0: Ball 2-0: Called Strike 2-1: Ball 3-1: Base on Balls
|
Batting: RHB Sergio Torres
|
0-0: Ball 1-0: Called Strike 1-1: TRIPLE (Line Drive, 89XD) Wulf Paauwe scores Luis León scores Carlo Beedle scores
|
Pitching: RHP Matko Perisc
|
|
Batting: LHB Gustavo Deleón
|
0-0: Ball 1-0: Ball 2-0: Called Strike 2-1: Foul Ball, location: 2F 2-2: Foul Ball, location: 2F 2-2: Foul Ball, location: 2F 2-2: Foul Ball, location: 2F 2-2: Ball 3-2: Foul Ball, location: 2F 3-2: Base on Balls
|
Batting: RHB Vonne Navarrete
|
0-0: Ball 1-0: Fly out, F7 (Line Drive, 7)
|
Top of the 7th over - 3 runs, 2 hits, 0 errors, 2 left on base; Yakima 3 - Richland 1 |
BOTTOM OF THE 7TH |
Richland Rails batting - Pitching for Yakima Hops : RHP Jeff Seawright
|
Now at 3B: Luis León
|
|
Batting: RHB Luo-lang Li
|
0-0: Ball 1-0: Ground out 4-3 (Groundball, 4M)
|
Batting: LHB Mike Zaugg
|
0-0: Called Strike 0-1: Called Strike 0-2: SINGLE (Flyball, 7S)
|
Batting: RHB Corey Hines
|
0-0: Hit by Pitch Mike Zaugg to second
|
Batting: RHB Tak-wai Jia
|
0-0: Ball 1-0: Foul Ball, location: 2F 1-1: Ball 2-1: Ball 3-1: Fly out, F9 (Flyball, 9)
|
Batting: LHB Emosi Whiu
|
0-0: Ball 1-0: Called Strike 1-1: Foul Ball, location: 2F 1-2: Hit by Pitch Mike Zaugg to third Corey Hines to second
|
Pitching: LHP Jorge Pliego
|
|
Batting: RHB Pedro Martínez
|
0-0: Foul Ball, location: 2F 0-1: Ball 1-1: Fly out, F9 (Line Drive, 9)
|
Bottom of the 7th over - 0 runs, 1 hit, 0 errors, 3 left on base; Yakima 3 - Richland 1 |
TOP OF THE 8TH |
Yakima Hops batting - Pitching for Richland Rails : RHP Matko Perisc
|
Batting: RHB Bob Houghton
|
0-0: Called Strike 0-1: Swinging Strike 0-2: Ball 1-2: Ground out U3 (Groundball, 3)
|
Batting: LHB Wulf Paauwe
|
0-0: Ball 1-0: Called Strike 1-1: Fly out, F9 (Flyball, 9LSF)
|
Batting: RHB Lee Scrooby
|
0-0: Fly out, F9 (Flyball, 9S)
|
Top of the 8th over - 0 runs, 0 hits, 0 errors, 0 left on base; Yakima 3 - Richland 1 |
BOTTOM OF THE 8TH |
Richland Rails batting - Pitching for Yakima Hops : LHP Jorge Pliego
|
Now at 1B: Jeromy Gride
|
|
Batting: RHB Hsui-chuan Hong
|
0-0: Ball 1-0: Ball 2-0: Fly out, F9 (Flyball, 9)
|
Batting: LHB Alje de Gast
|
0-0: Called Strike 0-1: Ball 1-1: Ball 2-1: Called Strike 2-2: Ball 3-2: Foul Ball, location: 2F 3-2: SINGLE (Line Drive, 7S)
|
Batting: RHB José Vargas
|
0-0: Ball 1-0: Ball 2-0: Called Strike 2-1: DOUBLE (Flyball, 78XD) Alje de Gast to third
|
Batting: RHB Luo-lang Li
|
0-0: Ball 1-0: Ball 2-0: Ball 3-0: Base on Balls
|
Batting: LHB Mike Zaugg
|
0-0: Called Strike 0-1: SINGLE (Groundball, 56D) Alje de Gast scores José Vargas to third Luo-lang Li to second
|
Batting: RHB Corey Hines
|
0-0: Ball 1-0: Ball 2-0: Foul Ball, location: 2F 2-1: Foul Ball, location: 2F 2-2: Foul Ball, location: 2F 2-2: Strikes out swinging
|
Batting: RHB Tak-wai Jia
|
0-0: Ball 1-0: Ball 2-0: Ground out 5-3 (Groundball, 56)
|
Bottom of the 8th over - 1 run, 3 hits, 0 errors, 3 left on base; Yakima 3 - Richland 2 |
TOP OF THE 9TH |
Yakima Hops batting - Pitching for Richland Rails : RHP Matko Perisc
|
Pitching: RHP Cliff Claven
|
|
Batting: RHB Luis León
|
0-0: Swinging Strike 0-1: Fly out, F9 (Flyball, 9S)
|
Batting: SHB Zack Murphy
|
0-0: Ball 1-0: Called Strike 1-1: Ground out 6-3 (Groundball, 6M)
|
Batting: RHB Carlo Beedle
|
0-0: Ball 1-0: Ball 2-0: Called Strike 2-1: Ball 3-1: Base on Balls
|
Batting: RHB Sergio Torres
|
0-0: Called Strike 0-1: Ball 1-1: Called Strike 1-2: Fielders Choice at 2nd, 6-4 (Groundball, 6)
|
Top of the 9th over - 0 runs, 0 hits, 0 errors, 1 left on base; Yakima 3 - Richland 2 |
BOTTOM OF THE 9TH |
Richland Rails batting - Pitching for Yakima Hops : LHP Jorge Pliego
|
Now at C: Nicholas Seal
|
|
Now at 3B: George Hubbard
|
|
Pinch Hitting: RHB Juan Sánchez
|
0-0: Ball 1-0: Ball 2-0: Ball 3-0: Called Strike 3-1: Called Strike 3-2: Base on Balls
|
Batting: RHB Pedro Martínez
|
0-0: Sac Bunt - play at second, runner OUT! 1-6
|
Batting: RHB Hsui-chuan Hong
|
0-0: Called Strike 0-1: Foul Ball, location: 2F 0-2: Ball 1-2: Ball 2-2: Foul Ball, location: 2F 2-2: Strikes out swinging
|
Batting: LHB Alje de Gast
|
0-0: Fly out, F8 (Flyball, 8RD)
|
Bottom of the 9th over - 0 runs, 0 hits, 0 errors, 1 left on base; Yakima 3 - Richland 2 |
|